 Dungeon Crawl Stone Soup version 0.26.0-45-g9c1d065592 (webtiles) character file.

Game seed: 3815349860256646599

3167 growler the Grappler (level 9, -3/81 HPs)
             Began as a Pale Draconian Transmuter on Jan 30, 2021.
             Was an Initiate of Gozag.
             Splashed by a jelly's acid (5 damage)
             ... on level 8 of the Dungeon.
             The game lasted 00:24:42 (10341 turns).

growler the Grappler (Pale Draconian Transmuter)   Turns: 10341, Time: 00:24:43

Health: -3/81      AC:  6    Str: 14    XL:     9   Next: 63%
Magic:  16/16      EV: 10    Int: 16    God:    Gozag
Gold:   370        SH:  0    Dex: 11    Spells: 3/18 levels left

rFire    x . .     SeeInvis +     - Unarmed
rCold    + + +     Faith    .   (shield currently unavailable)
rNeg     . . .     Spirit   .   (armour unavailable)
rPois    +         Reflect  .   (helmet currently unavailable)
rElec    .         Harm     .   (cloak currently unavailable)
rCorr    .         Rampage  .   (gloves currently unavailable)
Will     .....                  (boots currently unavailable)
Stlth    +.........             (no amulet)
HPRegen  0.23/turn              v - ring of wizardry
MPRegen  0.15/turn              z - ring of see invisible

@: ice-form (expiring), gold aura, berserk cooldown, slowed, very slow
A: large, (breathe steam), unfitting armour, AC +7
a: End Transformation, Renounce Religion, Potion Petition, Call Merchant, Bribe
Branch


You were on level 8 of the Dungeon.
You worshipped Gozag.
Gozag was aware of your devotion.
You were a creature of crystalline ice.
You visited 2 branches of the dungeon, and saw 9 of its levels.

You collected 770 gold pieces.
You paid 400 gold pieces to Gozag.

Inventory:

Missiles
 s - a throwing net {!f}
Armour
 n - a +2 cloak (melded)
   (You took it off Crazy Yiuf on level 2 of the Dungeon)
Jewellery
 v - a ring of wizardry (left front paw)
   (You found it on level 6 of the Dungeon)
 w - an uncursed ring of magical power
   (You found it on level 6 of the Dungeon)
 z - a ring of see invisible (right front paw)
   (You found it on level 7 of the Dungeon)
Wands
 c - a wand of disintegration (16)
   (You found it on level 7 of the Dungeon)
 e - a wand of polymorph (7)
   (You found it on level 5 of the Dungeon)
 u - a wand of paralysis (5)
   (You found it on level 8 of the Dungeon)
Scrolls
 a - a scroll of fog
 b - a scroll of identify {@r1}
 d - a scroll of enchant weapon {unknown}
 g - 5 scrolls of enchant armour
 h - 2 scrolls of remove curse {@r2}
 i - 2 scrolls of noise {unknown}
 k - a scroll of fear {unknown}
 r - a scroll of immolation {unknown}
 t - 6 scrolls of magic mapping
 x - 2 scrolls of amnesia
Potions
 j - a potion of attraction {!q}
 l - a potion of lignification {unknown}
 m - 3 potions of might {unknown}
 p - a potion of resistance
 q - 2 potions of heal wounds {unknown}
 y - 3 potions of curing {@q1}


   Skills:
 + Level 2.6 Fighting
 + Level 2.7 Dodging
 + Level 8.8 Unarmed Combat
 - Level 5.0 Spellcasting
 + Level 6.4 Transmutations
 - Level 6.0 Ice Magic
 - Level 2.0 Poison Magic


You had 3 spell levels left.
You knew the following spells:

 Your Spells              Type           Power        Failure   Level
a - Beastly Appendage     Tmut           48%          1%          1
b - Wereblood             Tmut           24%          1%          2
c - Ice Form              Ice/Tmut       23%          4%          4
d - Blade Hands           Tmut           12%          12%         5
x - Spider Form           Tmut/Pois      8%           3%          3

Your spell library contained the following spells:

 Spells                   Type           Power        Failure   Level
 Animate Skeleton         Necr           8%           6%          1
 Apportation              Tloc           8%           6%          1
 Corona                   Hex            4%           6%          1
 Summon Small Mammal      Summ           16%          6%          1


Dungeon Overview and Level Annotations

Branches:
Dungeon (8/15)             Temple (1/1) D:6            Lair (0/6) D:8

Altars:
Ashenzari
Cheibriados
Dithmenos
Elyvilon
Fedhas
Gozag
Hepliaklqana
Kikubaaqudgha
Makhleb
Nemelex Xobeh
Okawaru
Qazlal
Ru
Sif Muna
Trog
Uskayaw
Vehumet
Wu Jian
Xom
Yredelemnul
Zin
The Shining One


Innate Abilities, Weirdness & Mutations

((You can breathe blasts of scalding, opaque steam.))
((Your pale cyan-grey scales are hard. (AC +7)))
You cannot fit into any form of body armour.
((You are cold-blooded and may be slowed by cold attacks.))


Message History

The water moccasin hisses angrily. x2
The water moccasin becomes distracted by your gold, dreaming of imaginary riches.
The water moccasin becomes distracted by the nearby gold, dreaming of imaginary riches.
The orc wizard becomes distracted by the nearby gold, dreaming of imaginary riches.
The orc becomes distracted by the nearby gold, dreaming of imaginary riches.
The quokka becomes distracted by the nearby gold, dreaming of imaginary riches.
You hear an angry hiss.
The water moccasin hisses angrily.
The water moccasin is no longer distracted by gold.
The quokka is no longer distracted by gold.
The orc becomes distracted by the nearby gold, dreaming of imaginary riches.
The water moccasin becomes distracted by the nearby gold, dreaming of imaginary riches.
An iguana comes into view.
The water moccasin becomes distracted by your gold, dreaming of imaginary riches.
The water moccasin hisses angrily.
Found a staircase to the Lair.
A water moccasin and a wolf come into view.
Your transformation is almost over.
The wolf howls!
The water moccasin is no longer distracted by gold. x2
The orc wizard is no longer distracted by gold.
The water moccasin bites you!
* * * LOW HITPOINT WARNING * * *
The iguana becomes distracted by your gold, dreaming of imaginary riches.
The wolf barely misses you.
A jelly comes into view.
The water moccasin bites you but does no damage.
The wolf bites you.
* * * LOW HITPOINT WARNING * * *
The water moccasin moves out of view.
Found a potion of curing.
Blink to where?
As you read the scroll of blinking, it crumbles to dust.
A black bear comes into view.
The wolf bites you but does no damage.
A wyvern comes into view.
The wolf becomes distracted by your gold, dreaming of imaginary riches.
The wyvern moves out of view.
The water moccasin hisses angrily.
The jelly quivers.
The iguana is no longer distracted by gold.
The water moccasin is no longer distracted by gold.
The black bear bites you.
* * * LOW HITPOINT WARNING * * *
The black bear claws you but does no damage. x2
The jelly hits you.
* * * LOW HITPOINT WARNING * * *
You are splashed with acid.
You die...
Your body crumbles into a pile of gold.

$ .........♣.....
............... ...............
$ ..........♣PP..
......P..P..... .............P.
.!...P.........P P.....JY.S.♣
.....Phlh...... P♣...h...P.....
#....SP..P...♣#
########..B..SP.....P..
#.....##....P......P..####+#..
###.....##S#.........##....#.#.
....o....r.................#...
....≈≈............ #........##


You could see 4 water moccasins, a black bear, 2 wolves, an iguana, a jelly, a
worker ant and a quokka.

Vanquished Creatures
  Grinder (D:6)
  Eustachio (D:5)
  A water moccasin (D:8)
  5 orc warriors
  A sky beast (D:4)
  3 black bears
  A phantom (D:6)
  2 ogres
  A centaur (D:7)
  A big kobold (D:7)
  2 bullfrogs
  2 scorpions (D:8)
  4 wights (D:7)
  2 howler monkeys
  A centaur skeleton (D:4)
  6 hounds
  Crazy Yiuf (D:2)
  An orc priest (D:5)
  A gnoll shaman (D:7)
  3 bullfrog skeletons (D:6)
  Jessica (D:3)
  An orc wizard (D:3)
  5 worker ants
  A hound skeleton (D:6)
  19 gnolls
  2 howler monkey skeletons
  9 adders
  A shadow imp (D:5)
  3 white imps
  2 oozes
  3 adder skeletons
  A worm (D:2)
  A dart slug (D:1)
  2 leopard geckos
  28 orcs
  10 bats
  7 giant cockroaches
  4 goblins
  7 hobgoblins
  16 jackals
  3 quokkas
  A ball python (D:1)
  5 frilled lizards
  12 kobolds
  A quokka skeleton (D:7)
  A quokka zombie (D:7)
  11 rats
197 creatures vanquished.

Vanquished Creatures (others)
  3 fungi (D:8)
  14 plants (D:8)
17 creatures vanquished.

Grand Total: 214 creatures vanquished

Notes
Turn   | Place    | Note
-------+----------+-------------------------------------------
     0 | D:1      | growler the Draconian Transmuter began the quest for the
                  | Orb.
     0 | D:1      | Reached XP level 1. HP: 16/16 MP: 3/3
   348 | D:1      | Reached XP level 2. HP: 16/23 MP: 5/5
   880 | D:1      | Reached XP level 3. HP: 24/28 MP: 6/6
   883 | D:1      | Learned a level 2 spell: Wereblood
   887 | D:1      | Learned a level 3 spell: Spider Form
  1176 | D:2      | Found a hazy altar of Hepliaklqana.
  1238 | D:2      | Found a runed translucent door.
  1239 | D:2      | Noticed Crazy Yiuf
  1790 | D:2      | Reached XP level 4. HP: 32/35 MP: 8/8
  2181 | D:2      | Killed Crazy Yiuf
  2182 | D:2      | Reached skill level 1 in Poison Magic
  2454 | D:3      | Reached XP level 5. HP: 31/40 MP: 7/9
  2603 | D:3      | Noticed Jessica
  2609 | D:3      | Killed Jessica
  2610 | D:3      | Reached skill level 4 in Unarmed Combat
  2811 | D:3      | Learned a level 4 spell: Ice Form
  3636 | D:4      | Reached XP level 6. HP: 43/47 MP: 11/11
  3923 | D:4      | Reached skill level 1 in Ice Magic
  4355 | D:4      | Noticed a sky beast
  4367 | D:4      | Killed a sky beast
  4744 | D:4      | Your scales start taking on a pale cyan-grey colour.
  4744 | D:4      | Reached XP level 7. HP: 42/52 MP: 12/12
  4902 | D:5      | Entered Level 5 of the Dungeon
  5122 | D:5      | Noticed Eustachio
  5149 | D:5      | Reached skill level 5 in Unarmed Combat
  5154 | D:5      | Killed Eustachio
  5609 | D:5      | Found an iron altar of Okawaru.
  5927 | D:5      | Reached skill level 5 in Transmutations
  6133 | D:5      | Reached XP level 8. HP: 18/59 MP: 9/15
  6484 | D:5      | Learned a level 5 spell: Blade Hands
  6810 | D:5      | Reached skill level 5 in Spellcasting
  7358 | D:6      | Found a staircase to the Ecumenical Temple.
  7482 | Temple   | Entered the Ecumenical Temple
  7581 | Temple   | Became a worshipper of Gozag Ym Sagoz the Greedy
  7707 | D:6      | Reached skill level 6 in Unarmed Combat
  7763 | D:6      | Noticed Grinder
  7771 | D:6      | Killed Grinder
  8273 | D:6      | Reached skill level 5 in Ice Magic
  8626 | D:6      | Reached skill level 7 in Unarmed Combat
  8908 | D:7      | Reached XP level 9. HP: 64/64 MP: 16/16
  9350 | D:7      | Reached skill level 8 in Unarmed Combat
 10338 | D:8      | Found a staircase to the Lair.
 10341 | D:8      | HP: 4/81 [black bear (3)]
 10341 | D:8      | Splashed by a jelly's acid

Illustrated notes

Levels and vault maps discovered:
D:1:      heliophobic_arrival_enchanted_forest, layout_rooms, solitary_fountain
D:2:      minmay_wonky_spiral, layout_basic, lemuel_crystal_altar,
          uniq_crazy_yiuf_cottage
D:3:      layout_basic, hex_medium, fountainhead, minmay_strange_pillars,
          amcnicky_mini_rare_corridor_liquid, uniq_jessica
D:4:      layout_basic, corexii_corridor_pit, serial_bayou_crossing
D:5:      layout_basic, okawaru_ov_weapons_minmay, uniq_eustachio
D:6:      layout_loops_corners, minmay_temple_entry_fiery, uniq_grinder
D:7:      layout_basic
D:8:      layout_basic, minmay_lair_entry_grove, uniq_prince_ribbit1,
          uniq_maurice
Temple:   kilobyte_greek_temple

Skill      XL: |  1  2  3  4  5  6  7  8  9 |
---------------+----------------------------+-----
Transmutations | 3 4 5 6 |  6.4
Poison Magic   | 1 2 |  2.0
Spellcasting   | 3 4 5 |  5.0
Unarmed Combat | 4 5 7 8 |  8.8
Ice Magic      | 2 3 5 6 |  6.0
Dodging        | 2 |  2.7
Fighting       | 2 |  2.6

Action                   |  1- 3 |  4- 6 |  7- 9 || total
-------------------------+-------+-------+-------++-------
Melee: Unarmed           |   198 |   206 |   337 ||   741
       Tailslap          |    17 |    13 |    14 ||    44
       Punch             |     4 |     4 |     3 ||    11
       Kick              |     5 |    20 |    16 ||    41
       Headbutt          |     3 |    14 |     8 ||    25
 Cast: Beastly Appendage |     5 |    13 |     7 ||    25
       Spider Form       |       |     4 |    10 ||    14
       Ice Form          |       |       |     9 ||     9
Invok: Potion Petition   |       |       |     1 ||     1
 Abil: Breathe Steam     |       |       |     5 ||     5
       End Transformatio |       |       |     2 ||     2
  Use: Scroll            |       |     6 |    10 ||    16
       Potion            |       |       |     1 ||     1
 Stab: Sleeping          |     1 |       |     1 ||     2
       Distracted        |       |       |     1 ||     1
Armor: Skin              |    72 |    60 |   122 ||   254
Dodge: Dodged            |   152 |   129 |   231 ||   512
